 Dungeon Crawl Stone Soup version 0.31.0-32-g396128a36d (webtiles) character file.

Game seed: 4098065462555838753

8274 Doomgape the Fighter (level 11, -2/72 HPs)
             Began as a Gargoyle Fighter on Mar 21, 2024.
             Was a Priest of Trog.
             Incinerated by a deep elf pyromancer (20 damage)
             ... with a pyre arrow
             ... on level 9 of the Dungeon.
             The game lasted 00:19:26 (8085 turns).

Doomgape the Fighter (Gargoyle Fighter)             Turns: 8085, Time: 00:19:26

Health: -2/72      AC: 23    Str: 24    XL:     11   Next: 28%
Magic:  11/11      EV: 13    Int: 12    God:    Trog [***...]
Gold:   404        SH:  6    Dex: 12    Spells: 10/10 levels left

rFire   . . .        j - +6 war axe "Ytiy" {flame, rCorr Int+3 Dex+3}
rCold   . . .        c - +0 buckler
rNeg    + . .        s - +0 chain mail
rPois   ∞            v - +2 helmet
rElec   +            (no cloak)
rCorr   +            (no gloves)
SInv    .            (no boots)
Will    .....        (no amulet) Stlth
                     a - +5 ring of evasion
HPRegen 0.32/turn    (no ring)
MPRegen 0.12/turn

%: no passive effects
@: on fire, on berserk cooldown, attractive, slowed, glowing, very slow
A: sickness immunity, AC +8, negative energy resistance 1, electricity
resistance, torment resistance 1, petrification resistance
a: Renounce Religion, Berserk, Trog's Hand


You were on level 9 of the Dungeon.
You worshipped Trog.
Trog was most pleased with you.
You visited 2 branches of the dungeon, and saw 10 of its levels.
You also visited: Sewer.

You collected 437 gold pieces.
You spent 33 gold pieces at shops.

Inventory:

Hand Weapons
 j - the +6 war axe "Ytiy" (weapon) {flame, rCorr Int+3 Dex+3}
   (You found it on level 6 of the Dungeon)

   Int+3:     It affects your intelligence (+3).
   Dex+3:     It affects your dexterity (+3).
   rCorr:     It protects you from acid and corrosion.
Armour
 c - a +0 buckler (worn)
 s - a +0 chain mail (worn)
 v - a +2 helmet (worn)
Jewellery
 a - a +5 ring of evasion (left hand)
 l - a ring of flight
Wands
 m - a wand of paralysis (6)
 w - a wand of mindburst (24)
Scrolls
 e - 5 scrolls of teleportation
 h - a scroll of enchant weapon
 i - a scroll of identify
 n - a scroll of butterflies
 r - 2 scrolls of revelation
 x - 2 scrolls of fear
 y - a scroll of enchant armour
Potions
 b - a potion of degeneration {unknown}
 d - 2 potions of might
 f - 4 potions of curing
 g - a potion of attraction
 k - 3 potions of invisibility {unknown}
 o - 2 potions of brilliance {unknown}
 p - 2 potions of haste {unknown}
 q - a potion of lignification {unknown}
 t - 5 potions of enlightenment


   Skills:
 - Level 10.2 Fighting
 + Level 7.0(8.1) Axes
 - Level 6.5(8.2) Maces & Flails
 - Level 10.1 Armour
 + Level 8.0 Shields


You had 10 spell levels left.
You didn't know any spells.
Your spell library contained the following spells:

 Spells                   Type           Power      Damage    Failure   Level
 Magic Dart               Conj           0%         1d3       86%         1
 Blink                    Tloc           0%         N/A       94%         2
 Call Imp                 Summ           0%         N/A       94%         2
 Dazzling Flash           Conj/Hex       0%         N/A       99%         3
 Volatile Blastmotes      Fire/Tloc      0%         2d10      99%         3
 Starburst                Conj/Fire      0%         6d3       100%        6
 Maxwell's Capacitive Co  Air            0%         ∞         100%        8


Dungeon Overview and Level Annotations

Branches:
Dungeon (9/15)             Temple (1/1) D:4           Sewer (visited)
   Lair: D:8-11         Orc: D:9-12

Altars:
Ashenzari
Cheibriados
Fedhas
Gozag
Kikubaaqudgha
Makhleb
Nemelex Xobeh
Okawaru
Qazlal
Ru
Trog
Uskayaw
Vehumet
Wu Jian
Xom
Yredelemnul
The Shining One

Shops:
D:6 *


Innate Abilities, Weirdness & Mutations

You are immune to sickness and miasma.
Your stone body is resilient. (AC +8)
You are immune to poison.
You resist negative energy. (rN+)
You are resistant to electric shocks. (rElec)
You are resistant to unholy torment.
You are immune to petrification.


Message History

The deep elf pyromancer blinks!
You start resting.
A deep elf pyromancer is nearby!
Items here: ( ) †††.
You slash the deep elf pyromancer! You burn the deep elf pyromancer.
The deep elf pyromancer is almost dead.
The deep elf pyromancer points at you and mumbles some strange words.
The pyre arrow hits you.
You are covered in intense liquid fire!
The deep elf pyromancer gestures at you while chanting.
The pyre arrow hits you.
You are even more covered in intense liquid fire!
You hit the deep elf pyromancer. You burn the deep elf pyromancer.
You kill the deep elf pyromancer!
Trog accepts your kill.
Trog appreciates your killing of a magic user.
The liquid fire burns you!
Your base Axes skill increases to level 7!
Your Shields skill increases to level 8!
You are on fire!
You are on fire!
You are on fire!
You are on fire!
You are on fire!
You shake off some of the fire as you move.
The liquid fire burns you!
You shake off some of the fire as you move.
The liquid fire burns you!
* * * LOW HITPOINT WARNING * * *
You are on fire!
You shake off some of the fire as you move.
The liquid fire burns you!
* * * LOW HITPOINT WARNING * * *
You feel much better. The liquid fire burns you!
* * * LOW HITPOINT WARNING * * *
It was a potion of attraction.
You feel attractive to monsters. The liquid fire burns you!
You die...

.#...#.... .........
.........######## .........
...#.y.#........# .........
..#...#y........###########.<
.#(..#)p........+.........#..
..#...#.K.......#.........#..
...#...#........#.........#..
.........####+####........#..
....#..†##..@...##...##...#..
#####...))))....##...##...#..
........)............#....'..
.>...................#....#..
.....................#....#..
###########################..
###


There were no monsters in sight!

Vanquished Creatures
  A death knight (D:9)
  A two-headed ogre (D:8)
  A deep elf pyromancer (D:9)
  Joseph (D:8)
  A hornet (D:9)
  Grinder (D:3)
  Sigmund (D:3)
  3 shadows (D:9)
  Grum (D:8)
  11 yaks
  2 water moccasins
  2 ice beasts (D:7)
  A sky beast (D:8)
  4 black bears
  An ogre (D:6)
  3 centaurs
  2 wolves (D:8)
  5 kobold brigands
  A phantom (D:5)
  2 bullfrogs
  A wyvern zombie (D:5)
  2 scorpions
  2 necrophages (D:5)
  A water moccasin zombie (D:5)
  4 wights (D:9)
  6 killer bees (D:9)
  A howler monkey (D:9)
  2 bombardier beetles
  3 hounds
  A human zombie (D:5)
  A jelly (D:4)
  A gnoll bouda (D:8)
  2 orc priests
  A sleepcap (D:6)
  An iguana (D:5)
  Ijyb (D:3)
  Natasha (D:2)
  4 orc wizards
  A scorpion zombie (D:5)
  3 hound zombies (D:5)
  A howler monkey zombie (D:5)
  2 mummies (D:5)
  10 gnolls
  11 adders
  3 river rats
  A shadow imp (D:5)
  2 white imps
  2 ufetubi (D:7)
  4 ribbon worms
  A dart slug (D:1)
  18 orcs
  7 endoplasms
  4 giant cockroaches
  12 goblins
  10 hobgoblins
  A jackal (Sewer)
  13 kobolds
  4 quokkas
  6 ball pythons
  6 bats
  5 frilled lizards
  9 rats
216 creatures vanquished.

Notes
Turn   | Place    | Note
-------+----------+-------------------------------------------
     0 | D:1      | Doomgape the Gargoyle Fighter began the quest for the Orb.
     0 | D:1      | Reached XP level 1. HP: 14/14 MP: 1/1
   176 | D:1      | Reached XP level 2. HP: 16/19 MP: 2/2
   639 | D:1      | Reached XP level 3. HP: 20/23 MP: 3/3
   994 | D:2      | Reached XP level 4. HP: 29/29 MP: 4/4
  1018 | D:2      | Identified the +2 leather armour of Words of Power {Str+3
                  | Int+4}
  1722 | D:2      | Noticed Natasha
  1734 | D:2      | Killed Natasha
  1986 | D:3      | Noticed Sigmund
  1986 | D:3      | Noticed Ijyb
  1989 | D:3      | Paralysed by Ijyb for 3 turns
  1996 | D:3      | Killed Sigmund
  1997 | D:3      | Reached XP level 5. HP: 17/34 MP: 5/5
  1997 | D:3      | Reached XP level 6. HP: 20/39 MP: 6/6
  1999 | D:3      | Paralysed by Ijyb for 3 turns
  2003 | D:3      | Killed Ijyb
  2364 | D:3      | Found a broken altar of Ashenzari.
  2368 | D:3      | Saw a vision of the Shoals and the Snake Pit.
  2368 | D:3      | Noticed a merfolk siren
  2368 | D:3      | Noticed an anaconda
  2368 | D:3      | Noticed a snapping turtle
  2368 | D:3      | Noticed a snapping turtle
  2368 | D:3      | Noticed a naga
  2368 | D:3      | Noticed a merfolk
  2368 | D:3      | Noticed an anaconda
  2368 | D:3      | Noticed a skyshark
  2368 | D:3      | Noticed a naga mage
  2368 | D:3      | Noticed a manticore
  2369 | D:3      | Noticed a naga ritualist
  2401 | D:3      | Noticed Grinder
  2414 | D:3      | Paralysed by Grinder for 5 turns
  2426 | D:3      | Paralysed by Grinder for 2 turns
  2428 | D:3      | Killed Grinder
  2429 | D:3      | Reached skill level 5 in Fighting
  2429 | D:3      | Reached skill level 5 in Armour
  2429 | D:3      | Reached skill level 5 in Shields
  2429 | D:3      | Reached XP level 7. HP: 20/44 MP: 7/7
  2909 | D:4      | Found an ancient bone altar of Kikubaaqudgha.
  2909 | D:4      | Found a shimmering altar of Xom.
  3169 | D:4      | Found a staircase to the Ecumenical Temple.
  3257 | Temple   | Entered the Ecumenical Temple
  3269 | Temple   | Became a worshipper of Trog the Wrathful
  3385 | D:4      | Found a stormy altar of Qazlal.
  3998 | D:5      | Entered Level 5 of the Dungeon
  4017 | D:5      | Reached XP level 8. HP: 48/51 MP: 8/8
  4032 | D:5      | Found a hide-covered altar of Uskayaw.
  4058 | D:5      | Found an opulent altar of Gozag.
  4095 | D:5      | Reached skill level 5 in Maces & Flails
  4409 | D:5      | Reached * piety under Trog
  4541 | D:5      | Found a basalt altar of Yredelemnul.
  5036 | D:6      | Found a glowing drain.
  5074 | Sewer    | Entered a sewer
  5206 | Sewer    | Reached XP level 9. HP: 40/57 MP: 9/9
  5329 | Sewer    | Found a glowing silver altar of Zin.
  5555 | D:6      | Found a sacrificial altar of Ru.
  5743 | D:6      | Found Dietelu's General Store.
  5748 | D:6      | Bought a scroll of teleportation for 33 gold pieces
  5808 | D:6      | Reached ** piety under Trog
  5820 | D:6      | Identified the +6 war axe "Ytiy" {flame, rCorr Int+3 Dex+3}
  5951 | D:7      | Found a glowing golden altar of the Shining One.
  5962 | D:7      | Reached skill level 1 in Axes
  7019 | D:8      | Noticed Joseph
  7041 | D:8      | Killed Joseph
  7042 | D:8      | Reached XP level 10. HP: 65/65 MP: 10/10
  7103 | D:8      | Noticed a two-headed ogre
  7112 | D:8      | Killed a two-headed ogre
  7271 | D:8      | Noticed Grum
  7289 | D:8      | Killed Grum
  7305 | D:8      | Reached *** piety under Trog
  7535 | D:8      | Found a snail-covered altar of Cheibriados.
  7584 | D:8      | Reached skill level 5 in Axes
  7587 | D:8      | Reached skill level 10 in Fighting
  7827 | D:9      | Reached skill level 10 in Armour
  8030 | D:9      | Noticed a death knight
  8051 | D:9      | Reached XP level 11. HP: 72/72 MP: 11/11
  8054 | D:9      | Killed a death knight
  8073 | D:9      | Noticed a deep elf pyromancer
  8080 | D:9      | Killed a deep elf pyromancer
  8085 | D:9      | Incinerated by a deep elf pyromancer

Illustrated notes

Levels and vault maps discovered:
D:1:      onia_arrival_pyramid, layout_loops_corners,
          minmay_misc_feat_four_crosses
D:2:      minmay_door_path, layout_loops_corners, corexii_corridor_pit,
          uniq_natasha
D:3:      wander_river, layout_basic, grunt_ashenzari_visionary
          [grunt_ashenzari_visionary_shoals, grunt_ashenzari_visionary_snake],
          minmay_misc_feat_columns, uniq_sigmund, uniq_grinder, uniq_ijyb
D:4:      layout_loops_cross, nicolae_overflow_crystal_walls,
          mainiacjoe_overflow_catwalk_spiral, minmay_temple_entry_nine_rooms,
          grunt_tough_drop
D:5:      layout_rooms, mainiacjoe_overflow_brackets,
          lemuel_mausoleum_altar_yredelemnul, eat_drink_and_be_merry_uskayaw,
          kennysheep_donut
D:6:      layout_rooms, lemuel_crystal_altar, portal_sewer_entry_b,
          serial_shops, nicolae_shop_pleasant_corner_grove,
          hangedman_glass_teeth, st_stairs_10
D:7:      layout_loops_ring, mainiacjoe_overflow_cross_hatched
D:8:      layout_loops_ring, chei_slow_surprise, uniq_grum, uniq_joseph
D:9:      cheibrodos_fzero, layout_gridville, lemuel_coloured_pillars_altar,
          nicolae_dithmenos_shadow_blocks, dpeg_oklobed_lair, uniq_jeremiah
Temple:   nicolae_temple_little_seven

Skill      XL: |  1  2  3  4  5  6  7  8  9 10 11 |
---------------+----------------------------------+-----
Shields        | 4 5 6 8 |  8.0
Fighting       | 4 5 7 8 10 | 10.2
Armour         | 4 5 7 8 10 | 10.1
Maces & Flails | 3 4 6 |  6.5
Axes           | 3 6 7 |  7.0

Action                     |  1- 3 |  4- 6 |  7- 9 | 10-12 || total
---------------------------+-------+-------+-------+-------++-------
  Melee: Flail             |   125 |    87 |   430 |       ||   642
         War axe           |       |       |    70 |   140 ||   210
 Invoke: Berserk           |       |       |     1 |     2 ||     3
         Trog's Hand       |       |       |       |     1 ||     1
  Evoke: Wand              |       |       |       |     1 ||     1
    Use: Scroll            |     2 |       |     6 |     3 ||    11
         Potion            |       |     1 |     1 |     2 ||     4
   Stab: Paralysed         |       |       |       |     4 ||     4
 Armour: Scale mail        |   103 |    87 |    88 |       ||   278
         Chain mail        |       |       |   334 |    95 ||   429
  Dodge: Dodged            |    61 |    48 |   191 |    68 ||   368
  Block: Buckler           |    32 |    21 |   117 |    34 ||   204
